 Dungeon Crawl Stone Soup version 0.24-a0-368-g0e0cebd (webtiles) character file.

Game seed: 4327483221187901167

207386 AlmondAAA the Hand of Fortune (level 18, -3/140 HPs)
             Began as a Demonspawn Monk on May 28, 2019.
             Was the Champion of Nemelex Xobeh.
             Killed from afar by a nagaraja (37 damage)
             ... with a poison arrow
             ... on level 4 of the Snake Pit on May 29, 2019.
             The game lasted 02:08:39 (37236 turns).

AlmondAAA the Hand of Fortune (Demonspawn Monk)    Turns: 37236, Time: 02:08:40

Health: -3/140     AC: 23    Str: 21    XL:     18   Next: 9%
Magic:  26/31      EV:  8    Int: 18    God:    Nemelex Xobeh [******]
Gold:   584        SH: 20    Dex: 19    Spells: 12/31 levels left

rFire    + + .     SeeInvis +   L - +10 morningstar of Poverty {speed, rN+ MR+}
rCold    . . .     Gourm    .   m - +2 shield
rNeg     + . .     Faith    .   z - +2 plate armour "Haugenor" {rElec rF++ Str+3 SInv}
rPois    .         Spirit   .   U - +2 hat
rElec    +         Reflect  +   k - +2 cloak
rCorr    .         Harm     .   N - +2 pair of gloves
MR       ++...                  (boots unavailable)
Stlth    ..........             T - +4 amulet of reflection
HPRegen  1.33/turn              X - ring of the Princeling {Wiz Int+3}
MPRegen  0.22/turn              Q - ring of Aclakici {rPois Int+2 Dex+3 Slay+3 Stlth+}

@: lethally poisoned (-3 -> -5), poison vulnerable, regenerating, constricted
A: claws 2, hooves 3, horns 1, demonic guardian 1, foul stench 2, rot immunity
}: 1/15 runes: decaying
a: Draw Escape, Draw Destruction, Draw Summoning, Draw Stack, Triple Draw, Deal
Four, Stack Five, Renounce Religion


You were on level 4 of the Snake Pit.
You worshipped Nemelex Xobeh.
Nemelex Xobeh was exalted by your worship.
You were not hungry.

You visited 6 branches of the dungeon, and saw 31 of its levels.

You collected 3934 gold pieces.
You spent 3350 gold pieces at shops.

Inventory:

Hand Weapons
 A - the +6 broad axe of the Pharaoh's Fist {venom, rF+ Int+5 Stlth+}
   (You acquired it on level 5 of the Lair of Beasts)

   It poisons the flesh of those it strikes.
   It affects your intelligence (+5).
   It protects you from fire.
   It makes you more stealthy.
 L - the +10 morningstar of Poverty (weapon) {speed, rN+ MR+}
   (You found it on level 6 of the Lair of Beasts)

   Attacks with this weapon are significantly faster.
   It protects you from negative energy.
   It affects your resistance to hostile enchantments.
Missiles
 i - 133 poisoned darts (quivered)
Armour
 k - a +2 cloak (worn)
 m - a +2 shield (worn)
 p - the +0 ring mail of the Flute {rElec rF+ Str-4}
   (You bought it in a shop on level 14 of the Dungeon)

   It affects your strength (-4).
   It protects you from fire.
   It insulates you from electricity.
 z - the +2 plate armour "Haugenor" (worn) {rElec rF++ Str+3 SInv}
   (You bought it in a shop on level 2 of the Snake Pit)

   It affects your strength (+3).
   It greatly protects you from fire.
   It insulates you from electricity.
   It lets you see invisible.
 K - the +3 ring mail "Bymounue" {rF++ Str+5 Stlth-}
   (You found it on level 6 of the Dungeon)

   It affects your strength (+5).
   It greatly protects you from fire.
   It makes you less stealthy.
 N - a +2 pair of gloves (worn)
 U - a +2 hat (worn)
Jewellery
 q - an uncursed ring of flight
 D - an uncursed ring of ice
 Q - the ring of Aclakici (right hand) {rPois Int+2 Dex+3 Slay+3 Stlth+}
   (You acquired it on level 9 of the Dungeon)

   [ring of intelligence]

   It affects your intelligence (+2).
   It affects your dexterity (+3).
   It affects your accuracy and damage with ranged weapons and melee attacks
   (+3).
   It protects you from poison.
   It makes you more stealthy.
 T - a +4 amulet of reflection (around neck)
 X - the ring of the Princeling (left hand) {Wiz Int+3}
   (You acquired it on level 1 of the Swamp)

   [ring of wizardry]

   It improves your spell success rate.
   It affects your intelligence (+3).
Wands
 a - a wand of random effects (44)
 w - a wand of iceblast (13)
 y - a wand of scattershot (8)
 E - a wand of flame (72)
 H - a wand of digging (7)
 M - a wand of disintegration (48)
 R - a wand of acid (8)
 Y - a wand of enslavement (17)
Scrolls
 d - 2 scrolls of silence
 f - 6 scrolls of amnesia
 g - 10 scrolls of teleportation
 n - 11 scrolls of remove curse
 r - 5 scrolls of identify
 s - 4 scrolls of immolation
 v - 3 scrolls of blinking
 x - 7 scrolls of fear
 B - 2 scrolls of magic mapping
 S - 2 scrolls of brand weapon
 W - 5 scrolls of fog
Potions
 b - 3 potions of might
 e - 4 potions of heal wounds
 h - 6 potions of brilliance
 j - 10 potions of curing
 l - 3 potions of lignification
 o - 8 potions of agility
 t - 4 potions of invisibility
 u - 4 potions of flight
 C - 4 potions of haste
 F - 2 potions of mutation
 O - 4 potions of berserk rage
 P - 2 potions of magic
 Z - 2 potions of cancellation
Miscellaneous
 G - 2 boxes of beasts
 V - a lightning rod (4/4)
Comestibles
 c - 50 rations


   Skills:
 - Level 12.0 Fighting
 - Level 8.0(10.6) Axes
 + Level 10.6(11.6) Maces & Flails
   Level 3.2(6.0) Polearms
 + Level 7.2 Armour
 - Level 8.0 Dodging
 - Level 4.0 Stealth
 + Level 12.9 Shields
 - Level 7.0 Spellcasting
 - Level 2.0 Conjurations
 - Level 2.0 Hexes
 - Level 7.0 Charms
 - Level 4.0 Summonings
 - Level 4.0 Necromancy
 - Level 4.0 Translocations
 - Level 4.0 Ice Magic
 + Level 19.1 Invocations
 - Level 5.0 Evocations


You had 12 spell levels left.
You knew the following spells:

 Your Spells              Type           Power        Failure   Level  Hunger
a - Blink                 Tloc           N/A          30%         2    None
b - Regeneration          Chrm/Necr      ####......   32%         3    ##.....
c - Dazzling Spray        Conj/Hex       ##....       77%         3    ##.....
d - Shroud of Golubria    Chrm/Tloc      ####......   16%         2    None
e - Animate Skeleton      Necr           N/A          21%         1    None
f - Apportation           Tloc           ###...       21%         1    None
g - Ozocubu's Armour      Chrm/Ice       ####....     32%         3    ##.....
h - Summon Ice Beast      Ice/Summ       ###.....     87%         4    ####...

Your spell library contained the following spells:

 Spells                   Type           Power        Failure   Level  Hunger
 Infusion                 Chrm           ####         6%          1    None
 Song of Slaying          Chrm           ####....     9%          2    None
 Freeze                   Ice            ###.         21%         1    None
 Summon Small Mammal      Summ           ###.         21%         1    None
 Call Imp                 Summ           ###.....     30%         2    None
 Confusing Touch          Hex            ##....       41%         1    None
 Corona                   Hex            ##.....      41%         1    None
 Magic Dart               Conj           ##..         41%         1    None
 Ensorcelled Hibernation  Hex/Ice        ###...       41%         2    None
 Throw Frost              Conj/Ice       ###...       41%         2    None
 Spectral Weapon          Hex/Chrm       ###.....     43%         3    ##.....
 Call Canine Familiar     Summ           ###.....     50%         3    ##.....
 Slow                     Hex            ##......     54%         2    None
 Summon Guardian Golem    Hex/Summ       ###.....     65%         3    ##.....
 Confuse                  Hex            ##......     77%         3    ##.....
 Tukima's Dance           Hex            ##......     77%         3    ##.....
 Poisonous Vapours        Pois/Air       #.....       82%         2    None
 Conjure Flame            Conj/Fire      ##......     88%         3    ##.....
 Mephitic Cloud           Conj/Pois/Air  #.......     91%         3    ##.....
 Throw Icicle             Conj/Ice       ###.....     95%         4    ####...
 Summon Lightning Spire   Summ/Air       ##......     98%         4    ####...
 Irradiate                Conj/Tmut      ##........   100%        5    #####..
 Freezing Cloud           Conj/Ice/Air   ##........   100%        6    #######
 Hydra Form               Tmut           #.........   100%        6    #######
 Statue Form              Tmut/Erth      #........    100%        6    #######
 Dragon Form              Tmut           #.........   100%        7    #######
 Ring of Flames           Chrm/Fire      ###.......   100%        7    #######


Dungeon Overview and Level Annotations

Branches:
Dungeon (14/15)            Temple (1/1) D:5            Lair (6/6) D:8
  Swamp (4/4) Lair:4        Snake (4/4) Lair:4        Slime (0/5) Lair:6
    Orc (2/2) D:9             Elf (0/3) Orc:2        Vaults (0/5) D:14

Altars:
Ashenzari
Cheibriados
Dithmenos
Elyvilon
Fedhas
Gozag
Hepliaklqana
Kikubaaqudgha
Makhleb
Nemelex Xobeh
Okawaru
Qazlal
Ru
Sif Muna
Trog
Uskayaw
Vehumet
Wu Jian
Xom
Yredelemnul
Zin
The Shining One
Beogh
Jiyva

Shops:
D:4 =   D:5 ?   D:8 *   D:14 [   Orc:2 !(((   Snake:2 ([}:}(?

Annotations:
D:2 1 runed translucent door, Crazy Yiuf
D:7 2 transporters, hboehle's ghost, amateur MiBe
D:12 2 transporters, mikethemayor's ghost, journeyman MiBe
Lair:5 3 runed translucent doors, Gaesaj's ghost, journeyman MiFi; Lowym's ghost, journeyman DDBe


Innate Abilities, Weirdness & Mutations

You have very sharp fingernails.
You have hooves in place of feet.
You have a pair of small horns on your head.
A weak demonic guardian rushes to your aid.
You frequently emit foul miasma when damaged in melee.
You are immune to rotting.


Message History

You reflect the arrow off an invisible shield around you!
Your quasit barely misses the naga sharpshooter.
Your quasit claws the naga sharpshooter but does no damage.
Your quasit barely misses the naga sharpshooter.
A nagaraja comes into view. It is wielding a +0 halberd.
The nagaraja's grasp on you weakens, but your attempt to escape fails.
You block the nagaraja's attack. The nagaraja constricts you.
Your quasit bites the naga sharpshooter but does no damage.
Your quasit claws the naga sharpshooter but does no damage. x2
You block the naga's attack.
The mana viper is engulfed in freezing vapours.
The mana viper seems to slow down.
The mana viper bites you!
* * * LOW HITPOINT WARNING * * *
You feel your power leaking away.
A naga mage comes into view.
It is wielding a +0 flail and carrying a wand of iceblast (9).
The nagaraja casts a spell at you. The poison arrow hits you!!!
You are poisoned.
You die...
Your body glows with a rainbow of weird colours and disappears.

.............##...#
###....###########
#....# ##..).##
#()....# #...)..#
#.)))(.#
###....°5######
).)†...@NN°N☼.#
.)....)SN○○#°°..
.....☼☼○#.○.# ...
...)†°N☼☼☼°(.. ..
#####○°)...#### .
#......# #☼.○...#
#°NN...#


You could see 2 nagarajas, a naga sharpshooter, a mana viper, a naga mage, 3
nagas and a friendly quasit.

Vanquished Creatures
  A tengu reaver (D:12)
  Donald (Orc:2)
  2 nagarajas
  2 orc warlords (Orc:2)
  A war gargoyle (D:12)
  A stone giant (Orc:2)
  A dire elephant (Lair:6)
  A fire dragon (Lair:6)
  Josephine (D:13)
  16 naga warriors
  18 hydras
  A centaur warrior (D:14)
  5 two-headed ogres
  6 vault guards (D:14)
  A shambling mangrove (Swamp:3)
  2 death knights
  9 alligators
  5 anacondas
  Urug (Lair:3)
  A queen ant (Lair:3)
  3 orc high priests (Orc:2)
  4 naga sharpshooters
  2 shock serpents (Snake:3)
  4 skeletal warriors (D:13)
  A fire crab (Snake:2)
  4 unseen horrors
  3 salamander mystics (Snake:3)
  A spriggan druid (Swamp:4)
  12 swamp dragons
  A glowing orange brain (Snake:3)
  4 orc knights (Orc:2)
  7 naga ritualists
  2 lindwurms (Lair:6)
  12 mana vipers
  Pikel (D:8)
  10 salamanders
  9 ugly things
  2 deep elf magi
  2 manticores
  5 orc sorcerers (Orc:2)
  2 fauns
  3 cyclopes
  3 guardian serpents
  Maurice (Orc:2)
  13 naga magi
  3 torpor snails (Lair:6)
  5 centaur skeletons
  21 spiny frogs
  33 black mambas
  A gargoyle (D:13)
  A kobold demonologist (D:11)
  3 rime drakes
  5 komodo dragons
  A red devil (Lair:6)
  6 trolls
  2 meliai (Lair:6)
  8 polar bears
  10 tyrant leeches
  A queen bee (Lair:6)
  22 slime creatures
  12 hornets
  8 blink frogs
  4 raiju
  18 hippogriffs
  7 bog bodies
  Sigmund (D:4)
  3 shadows
  A tarantella (Lair:6)
  6 wraiths
  2 vampires
  14 spriggans
  4 wyverns
  54 yaks
  2 basilisks
  5 humans
  12 vampire mosquitoes
  Grum (D:10)
  A steam dragon (D:13)
  3 fire bats (Lair:1)
  41 nagas
  8 wargs
  2 hungry ghosts
  19 swamp worms
  11 insubstantial wisps
  Edmund (D:5)
  20 water moccasins
  13 hell hounds (Lair:6)
  45 orc warriors
  5 porcupines
  17 swamp drakes
  13 black bears
  5 ice beasts
  A hornet zombie (D:13)
  A black bear (shapeshifter) (D:14)
  9 sky beasts
  23 ogres
  A boggart (Lair:2)
  A phantom (D:7)
  39 wolves
  12 centaurs
  11 crocodiles
  4 big kobolds
  18 bullfrogs
  A wyvern zombie (D:11)
  A wyvern skeleton (D:14)
  3 scorpions
  7 wights
  24 killer bees
  7 howler monkeys
  2 crimson imps
  A quasit (D:10)
  4 jellies
  35 orc priests
  7 hounds
  17 orc wizards
  2 bullfrog skeletons
  3 hell rats
  An iguana (D:12)
  9 worker ants
  A gnoll (D:3)
  A howler monkey skeleton (D:5)
  6 adders
  A shadow imp (D:9)
  An ooze (D:3)
  4 worms
  2 adder skeletons
  3 dart slugs
  7 leopard geckos
  99 orcs
  5 bats
  5 giant cockroaches
  3 goblins
  9 hobgoblins
  22 jackals
  5 quokkas
  2 ball pythons
  4 frilled lizards
  A jackal skeleton (D:7)
  A jackal zombie (D:6)
  11 kobolds
  A quokka skeleton (D:6)
  7 rats
  8 fungi
  7 plants (Lair:6)
1127 creatures vanquished.

Vanquished Creatures (collateral kills)
  the Lernaean hydra (Swamp:4)
  Gastronok (D:8)
  A catoblepas (D:13)
  3 hydras
  A naga warrior (Snake:4)
  A shambling mangrove (Swamp:4)
  A two-headed ogre (D:14)
  An orc high priest (Orc:2)
  An alligator (Swamp:4)
  A tengu warrior (D:12)
  A naga sharpshooter (Snake:4)
  5 swamp dragons
  A cyclops (Snake:3)
  A salamander (Snake:3)
  A centaur zombie (D:10)
  A torpor snail (Lair:6)
  A naga mage (Snake:4)
  A guardian serpent (Snake:3)
  A centaur skeleton (D:12)
  A rime drake (Lair:6)
  3 blink frogs (Lair:1)
  4 slime creatures
  2 hornets (Swamp:1)
  A vampire (D:10)
  A basilisk (Lair:3)
  A wraith (D:10)
  2 humans (D:14)
  8 yaks
  A steam dragon (Lair:2)
  2 insubstantial wisps (Swamp:2)
  A warg (Lair:6)
  3 swamp worms (Lair:4)
  3 nagas
  A water moccasin (Lair:4)
  3 swamp drakes
  2 orc warriors (Orc:2)
  2 ogres
  A tengu (Snake:3)
  A wolf (Lair:3)
  A big kobold (Snake:3)
  2 bullfrogs
  A wight (D:8)
  A jelly (D:7)
  3 crimson imps
  2 orc priests (D:4)
  2 hounds
  2 orc wizards
  A worker ant (D:8)
  A hell rat (Lair:6)
  2 gnolls (D:3)
  6 orcs
  A jackal skeleton (D:6)
  A kobold (D:7)
  A plant (Lair:6)
95 creatures vanquished.

Vanquished Creatures (others)
  Nessos (D:13)
  A deep elf knight (D:12)
  A naga sharpshooter (Snake:1)
  A naga mage (Snake:2)
  A black mamba (Snake:3)
  A komodo dragon (Snake:3)
  A meliai (Lair:6)
  A blink frog (Lair:1)
  A yak (Lair:6)
  2 nagas
  A swamp worm (Swamp:2)
  3 slaves (D:8)
  A swamp drake (Swamp:4)
  A wolf (Snake:3)
  3 centaurs (D:14)
  A crocodile (Lair:6)
  A bullfrog (Snake:3)
  A scorpion (Snake:3)
  2 killer bees
  2 wights
  An electric eel (D:8)
  A howler monkey (D:7)
  A crimson imp (D:8)
  3 hounds (D:8)
  An orc wizard (Orc:1)
  2 hell rats (Lair:6)
  2 ball lightnings
  3 orcs (Orc:1)
  3 kobolds (D:8)
  3 bushes (D:12)
  12 fungi
  26 plants
  6 withered plants (Lair:5)
91 creatures vanquished.

Grand Total: 1313 creatures vanquished

Notes
Turn   | Place    | Note
-------+----------+-------------------------------------------
     0 | D:1      | AlmondAAA the Demonspawn Monk began the quest for the Orb.
     0 | D:1      | Reached XP level 1. HP: 18/18 MP: 1/1
    11 | D:1      | Noticed an electric eel
   618 | D:1      | Gained mutation: You have large cloven feet. [demonic
                  | ancestry]
   618 | D:1      | Reached XP level 2. HP: 12/24 MP: 2/2
  1610 | D:2      | Gained mutation: A weak demonic guardian rushes to your
                  | aid. [demonic ancestry]
  1610 | D:2      | Reached XP level 3. HP: 29/29 MP: 3/3
  2083 | D:2      | Found a runed translucent door.
  2084 | D:2      | Noticed Crazy Yiuf
  2159 | D:2      | Found a burning altar of Makhleb.
  2159 | D:2      | Noticed a blizzard demon
  2477 | D:3      | Found a bloodstained altar of Trog.
  2489 | D:3      | Found a radiant altar of Vehumet.
  2492 | D:3      | Found a white marble altar of Elyvilon.
  2506 | D:3      | Found a deep blue altar of Sif Muna.
  2663 | D:3      | Gained mutation: You are immune to rotting. [demonic
                  | ancestry]
  2663 | D:3      | Reached XP level 4. HP: 26/35 MP: 4/4
  3365 | D:3      | Reached skill level 5 in Axes
  3734 | D:3      | Reached XP level 5. HP: 27/41 MP: 5/5
  4026 | D:4      | Noticed an ogre
  4052 | D:4      | Killed an ogre
  4255 | D:4      | Found Banish's Jewellery Emporium.
  4405 | D:4      | Noticed Sigmund
  4435 | D:4      | Killed Sigmund
  4435 | D:4      | Gained mutation: You may emit foul miasma when damaged in
                  | melee. [demonic ancestry]
  4435 | D:4      | Reached XP level 6. HP: 36/47 MP: 6/6
  5439 | D:5      | Entered Level 5 of the Dungeon
  5450 | D:5      | Noticed Edmund
  5461 | D:5      | Killed Edmund
  5461 | D:5      | Gained mutation: You have hoof-like feet. [demonic
                  | ancestry]
  5461 | D:5      | Reached XP level 7. HP: 52/52 MP: 7/7
  5579 | D:5      | Found a staircase to the Ecumenical Temple.
  5593 | Temple   | Entered the Ecumenical Temple
  5811 | Temple   | Became a worshipper of Nemelex Xobeh the Trickster
  5811 | Temple   | Received a gift from Nemelex Xobeh
  5811 | Temple   | Reached * piety under Nemelex Xobeh
  5811 | Temple   | Received a gift from Nemelex Xobeh
  5811 | Temple   | Reached ** piety under Nemelex Xobeh
  5870 | D:5      | Found Edaofu's Magic Scroll Shop.
  5884 | D:5      | Bought a scroll of amnesia for 49 gold pieces
  5884 | D:5      | Bought a scroll of magic mapping for 49 gold pieces
  5884 | D:5      | Bought a scroll of random uselessness for 14 gold pieces
  5943 | D:5      | Reached skill level 1 in Invocations
  6435 | D:6      | Reached skill level 2 in Invocations
  6435 | D:6      | Reached skill level 1 in Evocations
  6582 | D:6      | Reached XP level 8. HP: 60/60 MP: 8/10
  6610 | D:6      | Reached skill level 3 in Invocations
  6793 | D:6      | Reached skill level 4 in Invocations
  7152 | D:6      | Received a gift from Nemelex Xobeh
  7267 | D:6      | Got a pitted ring mail
  7278 | D:6      | Identified the +3 ring mail "Bymounue" {rF++ Str+5 Stlth-}
                  | (You found it on level 6 of the Dungeon)
  7414 | D:6      | Received a gift from Nemelex Xobeh
  7538 | D:7      | Reached skill level 5 in Invocations
  7549 | D:7      | Reached skill level 5 in Fighting
  7566 | D:7      | Reached skill level 6 in Invocations
  7606 | D:7      | Found a transporter.
  7610 | D:7      | Reached XP level 9. HP: 64/69 MP: 13/13
  7620 | D:7      | Noticed hboehle's ghost (amateur MiBe)
  7656 | D:7      | Reached skill level 1 in Armour
  7703 | D:7      | Found a transporter.
  7764 | D:7      | Reached skill level 7 in Invocations
  7834 | D:7      | Reached *** piety under Nemelex Xobeh
  8314 | D:8      | Noticed Pikel
  8324 | D:8      | Killed Pikel
  8324 | D:8      | Reached skill level 1 in Polearms
  8331 | D:8      | Noticed a troll
  8348 | D:8      | a troll changed into a raiju
  8350 | D:8      | Reached skill level 8 in Invocations
  8533 | D:8      | Noticed Gastronok
  8573 | D:8      | Found a staircase to the Lair.
  8590 | D:8      | Received a gift from Nemelex Xobeh
  8658 | D:8      | Gained mutation: You frequently emit foul miasma when
                  | damaged in melee. [demonic ancestry]
  8658 | D:8      | Reached XP level 10. HP: 63/79 MP: 16/16
  8868 | D:8      | Found Tepiomint's General Store.
  8876 | D:8      | Bought a potion of berserk rage for 60 gold pieces
  8931 | D:8      | Found a sacrificial altar of Ru.
  8931 | D:8      | Found a hide-covered altar of Uskayaw.
  8932 | D:8      | Found an ornate altar of the Wu Jian Council.
  9338 | D:9      | Identified a scroll of acquirement
  9339 | D:9      | Got a glittering bone ring
  9340 | D:9      | Identified the ring of Aclakici {rPois Int+2 Dex+3 Slay+3
                  | Stlth+} (You acquired it on level 9 of the Dungeon)
  9363 | D:9      | Received a gift from Nemelex Xobeh
  9364 | D:9      | Found a shattered altar of Ashenzari.
  9463 | D:9      | Found a shadowy altar of Dithmenos.
 10000 | D:9      | Found a staircase to the Orcish Mines.
 10373 | D:9      | Reached **** piety under Nemelex Xobeh
 10518 | D:10     | Entered Level 10 of the Dungeon
 10528 | D:10     | Reached skill level 5 in Dodging
 10528 | D:10     | Reached skill level 9 in Invocations
 10892 | D:10     | Noticed Grum
 10893 | D:10     | Killed Grum
 10917 | D:10     | Noticed a two-headed ogre
 10924 | D:10     | Killed a two-headed ogre
 10924 | D:10     | Reached skill level 1 in Shields
 10925 | D:10     | Received a gift from Nemelex Xobeh
 10971 | D:10     | Killed an unseen horror
 10971 | D:10     | Reached skill level 10 in Invocations
 11224 | D:4      | Bought a +4 amulet of reflection for 297 gold pieces
 11386 | D:8      | Killed Gastronok
 11386 | D:8      | Gained mutation: You have a pair of small horns on your
                  | head. [demonic ancestry]
 11386 | D:8      | Reached XP level 11. HP: 87/87 MP: 18/18
 11406 | Lair:1   | Entered Level 1 of the Lair of Beasts
 11473 | D:8      | Reached skill level 5 in Armour
 12031 | Lair:1   | Noticed an eight-headed hydra
 12041 | Lair:1   | Killed a 12-headed hydra
 12237 | Lair:1   | Reached skill level 11 in Invocations
 12270 | Lair:1   | Received a gift from Nemelex Xobeh
 12587 | Lair:1   | Received a gift from Nemelex Xobeh
 12982 | Lair:2   | Reached ***** piety under Nemelex Xobeh
 13275 | Lair:2   | Noticed a six-headed hydra
 13280 | Lair:2   | Killed a seven-headed hydra
 13280 | Lair:2   | Reached XP level 12. HP: 75/97 MP: 20/20
 13511 | Lair:2   | Reached skill level 5 in Shields
 13738 | Lair:2   | Reached skill level 12 in Invocations
 13765 | Lair:2   | Reached skill level 10 in Fighting
 14175 | Lair:2   | Received a gift from Nemelex Xobeh
 14676 | Lair:3   | Found a hazy altar of Hepliaklqana.
 15063 | Lair:3   | Received a gift from Nemelex Xobeh
 15258 | Lair:3   | Found a runed translucent door.
 15282 | Lair:3   | Noticed an eight-headed hydra
 15284 | Lair:3   | Noticed a queen ant
 15284 | Lair:3   | an eight-headed hydra changed into a queen ant
 15296 | Lair:3   | Killed a queen ant
 15296 | Lair:3   | Reached skill level 13 in Invocations
 15349 | Lair:3   | Received a gift from Nemelex Xobeh
 15381 | Lair:3   | Noticed Urug
 15388 | Lair:3   | Killed Urug
 16032 | Lair:4   | Received a gift from Nemelex Xobeh
 16053 | Lair:4   | Reached XP level 13. HP: 106/106 MP: 23/23
 16085 | Lair:4   | Found a staircase to the Snake Pit.
 16223 | Lair:4   | Found a staircase to the Swamp.
 16361 | Lair:4   | Received a gift from Nemelex Xobeh
 16490 | Lair:4   | Identified the +0 long sword of the Assorted Cities {pain,
                  | MR- Int+7 Stlth-}
 17117 | Lair:5   | Found a runed translucent gate.
 17117 | Lair:5   | Found a runed translucent gate.
 17118 | Lair:5   | Found a runed translucent gate.
 17119 | Lair:5   | Noticed Gaesaj's ghost (journeyman MiFi)
 17119 | Lair:5   | Noticed Lowym's ghost (journeyman DDBe)
 17164 | Lair:5   | Reached skill level 14 in Invocations
 17503 | Lair:5   | Got a pitted broad axe
 17504 | Lair:5   | Identified the +6 broad axe of the Pharaoh's Fist {venom,
                  | rF+ Int+5 Stlth+} (You acquired it on level 5 of the Lair
                  | of Beasts)
 17641 | Lair:5   | Received a gift from Nemelex Xobeh
 17750 | Lair:6   | Entered Level 6 of the Lair of Beasts
 17759 | Lair:6   | Got an ivory morningstar
 17760 | Lair:6   | Identified the +10 morningstar of Poverty {speed, rN+ MR+}
                  | (You found it on level 6 of the Lair of Beasts)
 17819 | Lair:6   | Reached skill level 1 in Maces & Flails
 17862 | Lair:6   | Found a viscous altar of Jiyva.
 17862 | Lair:6   | Found a staircase to the Slime Pits.
 18573 | Lair:6   | Received a gift from Nemelex Xobeh
 18822 | Lair:6   | Reached skill level 15 in Invocations
 18883 | Lair:6   | Reached XP level 14. HP: 72/115 MP: 25/25
 19641 | Lair:6   | Received a gift from Nemelex Xobeh
 19873 | Lair:6   | Found a runed translucent door.
 19884 | Lair:6   | Reached skill level 5 in Maces & Flails
 20305 | Lair:6   | Got an encrusted ring mail
 20316 | Lair:6   | Identified the +4 ring mail of Ywous {Str+4 Int+4} (You
                  | found it on level 6 of the Lair of Beasts)
 20693 | D:11     | Received a gift from Nemelex Xobeh
 20835 | D:11     | Reached ****** piety under Nemelex Xobeh
 21296 | D:12     | Identified the +9 dire flail of Tumult {drain, *Drain rF+
                  | Str+4 Dex+6}
 21297 | D:12     | Identified the cursed +0 bardiche "Nar Xogg" {freeze, rN+
                  | SInv}
 21301 | D:12     | Found a transporter.
 21304 | D:12     | Found a bloodstained altar of Trog.
 21306 | D:12     | Noticed mikethemayor's ghost (journeyman MiBe)
 21369 | D:12     | Received a gift from Nemelex Xobeh
 21588 | D:12     | Found a transporter.
 22012 | D:13     | Received a gift from Nemelex Xobeh
 22021 | D:13     | Reached skill level 16 in Invocations
 22052 | D:13     | Reached skill level 10 in Shields
 22063 | D:13     | Learned a level 2 spell: Blink
 22067 | D:13     | Learned a level 3 spell: Regeneration
 22071 | D:13     | Learned a level 3 spell: Dazzling Spray
 22485 | D:13     | Reached skill level 1 in Necromancy
 22633 | D:13     | Reached skill level 1 in Hexes
 22633 | D:13     | Reached skill level 1 in Charms
 22639 | D:13     | Reached skill level 1 in Conjurations
 22660 | D:13     | Reached skill level 1 in Spellcasting
 22660 | D:13     | Reached skill level 1 in Translocations
 23148 | D:12     | Noticed a tengu reaver
 23156 | D:12     | Killed a tengu reaver
 23167 | D:12     | Noticed a war gargoyle
 23188 | D:12     | Killed a war gargoyle
 23402 | D:13     | Noticed Nessos
 23409 | D:13     | Killed Nessos
 23477 | D:13     | Noticed Josephine
 23480 | D:13     | Gained mutation: You have sharp fingernails. [demonic
                  | ancestry]
 23480 | D:13     | Reached XP level 15. HP: 120/120 MP: 27/27
 23480 | D:13     | Killed Josephine
 23970 | Orc:1    | Entered Level 1 of the Orcish Mines
 24008 | Orc:2    | Entered Level 2 of the Orcish Mines
 24008 | Orc:2    | Received a gift from Nemelex Xobeh
 24378 | Orc:1    | Noticed Maurice
 24390 | Orc:1    | Found a bloodstained altar of Trog.
 24846 | Orc:2    | Received a gift from Nemelex Xobeh
 25176 | Orc:2    | Noticed Donald
 25181 | Orc:2    | Identified the +2 long sword of Dim Light {venom, *Slow
                  | +Fly rPois rF+}
 25189 | Orc:2    | Killed Donald
 25219 | Orc:2    | Killed Maurice
 25513 | Orc:2    | Noticed an orc warlord
 25536 | Orc:2    | Killed an orc warlord
 25866 | Orc:2    | Identified the +6 long sword of Urenod {venom, Stlth+}
 25961 | Orc:2    | Found a staircase to the Elven Halls.
 26074 | Orc:2    | Noticed an orc warlord
 26078 | Orc:2    | Found a roughly hewn altar of Beogh.
 26089 | Orc:2    | Killed an orc warlord
 26123 | Orc:2    | Found Moivatoa's Weapon Boutique.
 26204 | Orc:2    | Found Baigycum's Distillery.
 26228 | Orc:2    | Bought 2 potions of heal wounds for 120 gold pieces
 26228 | Orc:2    | Bought a potion of heal wounds for 60 gold pieces
 26228 | Orc:2    | Bought a potion of haste for 120 gold pieces
 26228 | Orc:2    | Bought a potion of magic for 96 gold pieces
 26228 | Orc:2    | Bought a potion of cancellation for 96 gold pieces
 26952 | Orc:2    | Received a gift from Nemelex Xobeh
 27022 | Orc:2    | Found Nigox's Antique Weapon Boutique.
 27037 | Orc:2    | Found a roughly hewn altar of Beogh.
 27138 | Orc:2    | Found Koob's Antique Weapon Shop.
 27194 | Orc:2    | Bought a warped trident for 153 gold pieces
 27198 | Orc:2    | Identified the cursed +0 trident "Trog's Brutal Revenge"
                  | {flame, rC+} (You bought it in a shop on level 2 of the
                  | Orcish Mines)
 27780 | D:14     | Reached skill level 17 in Invocations
 27977 | D:14     | Received a gift from Nemelex Xobeh
 27985 | D:14     | Found Qekhlehee's Antique Armour Shop.
 27994 | D:14     | Bought a bronze ring mail for 279 gold pieces
 28004 | D:14     | Identified the cursed +0 ring mail of the Flute {rElec rF+
                  | Str-4} (You bought it in a shop on level 14 of the Dungeon)
 28158 | D:14     | Reached skill level 5 in Spellcasting
 28164 | D:14     | Found a gate to the Vaults.
 28192 | D:14     | Found a glowing golden altar of the Shining One.
 28449 | D:14     | Gained mutation: You have very sharp fingernails. [demonic
                  | ancestry]
 28449 | D:14     | Reached XP level 16. HP: 123/127 MP: 28/28
 28888 | Swamp:1  | Entered Level 1 of the Swamp
 28888 | Swamp:1  | Received a gift from Nemelex Xobeh
 29382 | Swamp:1  | Reached skill level 5 in Charms
 30085 | Swamp:1  | Received a gift from Nemelex Xobeh
 30487 | Swamp:1  | Got a heavily runed glass ring
 30489 | Swamp:1  | Identified the ring of the Princeling {Wiz Int+3} (You
                  | acquired it on level 1 of the Swamp)
 31260 | Swamp:2  | Learned a level 2 spell: Shroud of Golubria
 31587 | Swamp:3  | Received a gift from Nemelex Xobeh
 31726 | Swamp:3  | Learned a level 1 spell: Animate Skeleton
 31733 | Swamp:3  | Learned a level 1 spell: Apportation
 32515 | Swamp:4  | Entered Level 4 of the Swamp
 32820 | Swamp:4  | Reached skill level 18 in Invocations
 32900 | Swamp:4  | Reached skill level 5 in Evocations
 32939 | Swamp:4  | Noticed the 27-headed Lernaean hydra
 32947 | Swamp:4  | Killed the 27-headed Lernaean hydra
 32983 | Swamp:4  | Received a gift from Nemelex Xobeh
 33484 | Swamp:4  | Got a decaying rune of Zot
 34221 | Snake:1  | Entered Level 1 of the Snake Pit
 34249 | Snake:1  | Gained mutation: You have hooves in place of feet. [demonic
                  | ancestry]
 34249 | Snake:1  | Reached XP level 17. HP: 123/133 MP: 30/30
 34379 | Snake:1  | Learned a level 3 spell: Ozocubu's Armour
 34384 | Snake:1  | Learned a level 4 spell: Summon Ice Beast
 34583 | Snake:1  | Received a gift from Nemelex Xobeh
 34682 | Snake:1  | Reached skill level 1 in Ice Magic
 34761 | Snake:1  | Reached skill level 1 in Summonings
 35552 | Snake:2  | Received a gift from Nemelex Xobeh
 35835 | Snake:2  | Found Poliat's Armour Shoppe.
 35843 | Snake:2  | Found Uqo Qai's Book Emporium.
 35867 | Snake:2  | Bought the +2 plate armour "Haugenor" {rElec rF++ Str+3
                  | SInv} for 1125 gold pieces
 35914 | Snake:2  | Found Korrosoc's Weapon Shop.
 35941 | Snake:2  | Found Cohuesig's Gadget Emporium.
 35996 | Snake:2  | Found Wadd's Weapon Shop.
 36120 | Snake:2  | Found Atomikaff's Gadget Shoppe.
 36216 | Snake:2  | Found Wiyfef's Magic Scroll Emporium.
 36222 | Snake:2  | Bought a scroll of acquirement for 832 gold pieces
 36223 | Snake:2  | Got a bloodstained buckler
 36234 | Snake:2  | Identified the +1 buckler of the Blind Marksman {rElec}
                  | (You acquired it on level 2 of the Snake Pit)
 36388 | Snake:2  | Reached skill level 10 in Maces & Flails
 36940 | Snake:3  | Found a hazy altar of Hepliaklqana.
 36998 | Snake:3  | Received a gift from Nemelex Xobeh
 37098 | Snake:4  | Entered Level 4 of the Snake Pit
 37192 | Snake:4  | Reached skill level 19 in Invocations
 37201 | Snake:4  | Reached XP level 18. HP: 107/140 MP: 31/31
 37236 | Snake:4  | Killed from afar by a nagaraja

Levels and vault maps discovered:
D:1:      arrival_aquarium_a, layout_loops_ring
D:2:      layout_loops_ring, makhleb_altar_promises_db, uniq_crazy_yiuf_cottage
D:3:      layout_basic, grunt_temple_overflow_cloverleaf
D:4:      layout_loops_corners, serial_shops, shop, uniq_sigmund
D:5:      layout_rooms, minmay_temple_entry_water_ring, first_ration,
          serial_shops, nicolae_shop_crystal, uniq_edmund
D:6:      layout_rooms
D:7:      layout_basic, gammafunk_ghost_stat_death
D:8:      layout_loops_ring, chequers_temple_overflow_statue_of_worship,
          erik_lair_island, serial_shops, nicolae_shop_statue_plus, the_bakery,
          uniq_pikel, uniq_gastronok
D:9:      layout_loops_ring, ashenzari_conservatory_becter, orc_0_dummy,
          lemuel_centaur_altar
D:10:     layout_rooms, uniq_grum
D:11:     layout_stronghold
D:12:     minmay_klotski, layout_loops_ring, gammafunk_ghost_wrathful_warriors,
          kennysheep_generic_room_6
D:13:     layout_basic, kennysheep_generic_room_12, uniq_josephine, uniq_nessos
D:14:     layout_basic, ximxim_vaults_locker_room, lemuel_altar_in_water,
          serial_shops, shop
Temple:   eino_narrow_crystal_temple
Lair:1:   layout_small_grid, nicolae_volcano_entry_batcave
Lair:2:   kb_forest_paths, layout_regular_city
Lair:3:   layout_chaotic_city, basic_altar, chequers_serial_rivers_small_3,
          pf_torpor_hydra, uniq_urug
Lair:4:   onia_ninara_swampy_vault, layout_regular_city,
          minmay_swamp_entry_worms, minmay_snake_entry_guardpost_small
Lair:5:   layout_loops_ring, gammafunk_ghost_cemetery
Lair:6:   wormcave, layout_gridlike, hangedman_lair_caniforms_friends,
          slime_altar_1, special_room [special_room_bee],
          chequers_serial_rivers_marsh, minivault_25
Swamp:1:  layout_falls_marsh, hangedman_swamp_cone, swamp_pool5,
          nicolae_swamp_dragon_and_kin
Swamp:2:  layout_basic_swamp, evilmike_swamp_ruin_rubble_1
Swamp:3:  layout_basic_swamp, evilmike_swamp_ruin_house_4
Swamp:4:  swamp_old_school, layout_basic_swamp
Snake:1:  layout_basic, drop_trap
Snake:2:  layout_onion, serial_shops, nicolae_shop_statue_plus, shop_fountains,
          shop, nicolae_shop_competitors_out_of_business, nicolae_shop_trees,
          st_stairs_1, drop_trap, minmay_shoptagon
Snake:3:  layout_layer_cave, basic_altar, serial_bayou_shore_b,
          grunt_megastairs_2, minmay_shop_grove, lemuel_fruit_tree
Snake:4:  minmay_snake_end_coiled, layout_misc_corridors, uniq_vashnia
Orc:1:    layout_diamond_mine, bloody_trog, uniq_maurice
Orc:2:    pubby_orc_utopia, uniq_donald

Skill      XL: |  1  2  3  4  5  6  7  8  9 10 11 12 13 14 15 16 17 |
---------------+----------------------------------------------------+-----
Axes           | 3 4 5 6 7 8 |  8.0
Stealth        | 2 4 |  4.0
Invocations    | 2 6 8 10 11 13 15 16 17 18 19 | 19.1
Evocations     | 1 2 5 |  5.0
Fighting       | 5 7 8 9 11 12 | 12.0
Dodging        | 4 5 7 8 |  8.0
Armour         | 3 4 6 7 |  7.2
Polearms       | 2 3 |  3.2
Shields        | 2 4 7 9 10 11 12 | 12.9
Maces & Flails | 4 6 8 9 10 | 10.6
Necromancy     | 2 3 4 |  4.0
Hexes          | 2 |  2.0
Charms         | 2 4 6 7 |  7.0
Conjurations   | 2 |  2.0
Spellcasting   | 2 5 6 7 |  7.0
Translocations | 2 4 |  4.0
Ice Magic      | 4 |  4.0
Summonings     | 4 |  4.0

Action                   |  1- 3 |  4- 6 |  7- 9 | 10-12 | 13-15 | 16-18 || total
-------------------------+-------+-------+-------+-------+-------+-------++-------
Melee: Hand axe          |   160 |   137 |       |       |       |       ||   297
       Kick              |     1 |       |       |       |       |   165 ||   166
       Scythe            |       |    33 |   138 |       |       |       ||   171
       Halberd           |       |       |    94 |   472 |    70 |       ||   636
       Headbutt          |       |       |       |    68 |   384 |   274 ||   726
       Morningstar       |       |       |       |       |  1314 |  1001 ||  2315
       Broad axe         |       |       |       |       |     1 |       ||     1
Throw: Stone             |    12 |       |       |       |       |       ||    12
       Dart              |    16 |    52 |     4 |     8 |     3 |       ||    83
 Cast: Regeneration      |       |       |       |       |       |    39 ||    39
       Shroud of Golubri |       |       |       |       |       |    11 ||    11
       Dazzling Spray    |       |       |       |       |       |     1 ||     1
Invok: Triple Draw       |       |       |       |     1 |     2 |     1 ||     4
       Stack Five        |       |       |       |       |     1 |       ||     1
 Abil: Draw Destruction  |       |       |    11 |    17 |    49 |    35 ||   112
       Draw Summoning    |       |       |     2 |     6 |    13 |     5 ||    26
       Draw Escape       |       |       |       |     6 |     8 |     6 ||    20
       Evoke Flight      |       |       |       |       |       |    10 ||    10
       Draw Stack        |       |       |       |       |       |     3 ||     3
Evoke: Wand              |       |       |       |     3 |    27 |    10 ||    40
  Use: Scroll            |       |     2 |     9 |     2 |    15 |     5 ||    33
       Potion            |       |     2 |       |     3 |     2 |     5 ||    12
 Stab: Sleeping          |     3 |       |     3 |     5 |    14 |     6 ||    31
       Distracted        |       |       |     1 |     9 |    19 |    10 ||    39
       Petrified         |       |       |       |       |     8 |     5 ||    13
       Petrifying        |       |       |       |       |     5 |     1 ||     6
       Confused          |       |       |       |       |       |     1 ||     1
  Eat: Chunk             |     5 |     9 |    11 |    25 |    31 |    16 ||    97
       Ration            |       |       |       |       |     3 |     6 ||     9
Armor: Robe              |    14 |       |       |       |       |       ||    14
       Ring mail         |    56 |    86 |    93 |   189 |   288 |   154 ||   866
       Plate armour      |       |       |    29 |       |       |    54 ||    83
Dodge: Dodged            |   107 |    74 |   129 |   345 |   528 |   315 ||  1498
Block: Other             |       |       |       |    57 |     6 |       ||    63
       Reflection        |       |       |       |     1 |    39 |    61 ||   101
       Shield            |       |       |       |       |   982 |   723 ||  1705

Table legend:
 A = Non-vault XP
 B = Vault XP
 C = Vault XP percentage of total XP
 D = Non-vault monster count
 E = Vault monster count
 F = Vault count percentage of total count
                 A         B        C        D         E       F
            +---------+---------+-------+---------+---------+-------
      Total |  194037 |  104428 |  35.0 |     833 |     403 |  32.6
            +---------+---------+-------+---------+---------+-------
        D:1 |      32 |       0 |   0.0 |      16 |       0 |   0.0
        D:2 |      26 |       0 |   0.0 |      16 |       0 |   0.0
        D:3 |     139 |       0 |   0.0 |      31 |       0 |   0.0
        D:4 |     296 |     158 |  34.8 |      15 |       1 |   6.2
        D:5 |     288 |     127 |  30.6 |      11 |       1 |   8.3
        D:6 |    1101 |       0 |   0.0 |      29 |       0 |   0.0
        D:7 |    1686 |       0 |   0.0 |      36 |       0 |   0.0
        D:8 |    1385 |    2816 |  67.0 |      21 |       9 |  30.0
        D:9 |     858 |     452 |  34.5 |       7 |       4 |  36.4
       D:10 |    5466 |     539 |   9.0 |      29 |       4 |  12.1
       D:11 |    2406 |       0 |   0.0 |      21 |       0 |   0.0
       D:12 |    4540 |    7256 |  61.5 |      30 |      14 |  31.8
       D:13 |   10078 |    4005 |  28.4 |      43 |       9 |  17.3
       D:14 |   12955 |    6759 |  34.3 |      42 |      12 |  22.2
     Lair:1 |    5311 |     546 |   9.3 |      21 |       3 |  12.5
     Lair:2 |    4724 |    3551 |  42.9 |      29 |      15 |  34.1
     Lair:3 |    5507 |    2224 |  28.8 |      30 |       3 |   9.1
     Lair:4 |    2809 |    4467 |  61.4 |      15 |      17 |  53.1
     Lair:5 |    5881 |       0 |   0.0 |      29 |       0 |   0.0
     Lair:6 |    9367 |   18938 |  66.9 |      49 |      97 |  66.4
    Swamp:1 |   15901 |    1728 |   9.8 |      43 |       9 |  17.3
    Swamp:2 |    9723 |       0 |   0.0 |      34 |       0 |   0.0
    Swamp:3 |    8799 |       0 |   0.0 |      25 |       0 |   0.0
    Swamp:4 |    9756 |   14278 |  59.4 |      27 |      23 |  46.0
    Snake:1 |   14738 |       0 |   0.0 |      30 |       0 |   0.0
    Snake:2 |   22890 |    1028 |   4.3 |      46 |       3 |   6.1
    Snake:3 |   21006 |    4121 |  16.4 |      50 |       9 |  15.3
    Snake:4 |   13040 |    6793 |  34.3 |      21 |      15 |  41.7
      Orc:1 |    1901 |       0 |   0.0 |      31 |       0 |   0.0
      Orc:2 |    1428 |   24642 |  94.5 |       6 |     155 |  96.3
            +---------+---------+-------+---------+---------+-------
